 Dungeon Crawl Stone Soup version 0.26-a0-846-gcc8f1ee719 (webtiles) character file.

Game seed: 9908443117957374576

27 mortress the Chiller (level 2, -5/22 HPs)
             Began as a Demigod Ice Elementalist on Nov 19, 2020.
             Killed by divine providence
             ... invoked by an orc priest
              (14 damage)
             ... on level 2 of the Dungeon.
             The game lasted 00:05:25 (1344 turns).

mortress the Chiller (Demigod Ice Elementalist)     Turns: 1344, Time: 00:05:26

Health: -5/22      AC:  2    Str: 11    XL:     2   Next: 72%
Magic:  7/7        EV: 13    Int: 19    God:
Gold:   77         SH:  0    Dex: 16    Spells: 4/5 levels left

rFire    . . .     SeeInvis .   g - +0 short sword
rCold    . . .     Faith    .   (no shield)
rNeg     . . .     Spirit   .   a - +0 robe
rPois    .         Reflect  .   (no helmet)
rElec    .         Harm     .   (no cloak)
rCorr    .         Rampage  .   (no gloves)
MR       .....                  (no boots)
Stlth    ++........             (no amulet)
HPRegen  0.07/turn              (no ring)
MPRegen  0.10/turn              (no ring)

@: no status effects
A: high mp 1
a: no special abilities


You were on level 2 of the Dungeon.
You visited 1 branch of the dungeon, and saw 2 of its levels.

You collected 77 gold pieces.

Inventory:

Hand Weapons
 g - a +0 short sword (weapon)
Armour
 a - a +0 robe (worn)
Scrolls
 c - 2 scrolls of remove curse {unknown}
 d - 2 scrolls of identify {unknown}
 f - a scroll of teleportation {unknown}
Potions
 b - a potion of heal wounds {unknown}
 e - a potion of mutation {unknown}


   Skills:
 + Level 0.8 Fighting
 + Level 2.1 Dodging
 + Level 2.1 Stealth
 + Level 2.0 Spellcasting
 + Level 3.8 Ice Magic


You had 4 spell levels left.
You knew the following spells:

 Your Spells              Type           Power        Failure   Level
a - Freeze                Ice            ###.         3%          1

Your spell library contained the following spells:

 Spells                   Type           Power        Failure   Level
 Frozen Ramparts          Ice            ###...       11%         3
 Ozocubu's Armour         Ice            ###.....     11%         3
 Hailstorm                Conj/Ice       #.......     58%         4
 Summon Ice Beast         Ice/Summ       #.......     58%         4


Dungeon Overview and Level Annotations

Branches:
Dungeon (2/15)


Innate Abilities, Weirdness & Mutations

You have an increased reservoir of magic. (+10% MP)


Message History

a +0 hunting sling; 12 stones 2 orcs and an orc priest come into view.
The orc shouts! x2
The orc priest moves out of view.
An ooze comes into view.
The ooze quivers.
The orc priest shouts!
The orc shouts!
You hit the orc.
The orc is heavily wounded.
You closely miss the orc.
The orc is heavily wounded.
The orc barely misses you.
You closely miss the orc. The orc hits you with a +0 dagger.
You closely miss the orc. The orc hits you with a +0 whip.
The orc hits you with a +0 dagger. The orc hits you but does no damage.
The orc priest calls down the wrath of Beogh upon you.
Beogh smites you!
Ouch! That really hurt!
You die...

#. #### .. ... #.
.. #. .#
#.###J#####.
######.#ooo.o....
........@#.#####.
.........#.#
.........#.#
.........#..
.........#.#
.......).#.# .#.
.........#.# ...
.........#.# #..
######.#.#.####....
#..


You could see an orc priest, an ooze and 3 orcs.

Vanquished Creatures
  An ooze (D:1)
  A worm (D:2)
  A dart slug (D:1)
  A leopard gecko (D:1)
  A giant cockroach (D:2)
  2 jackals (D:1)
  3 kobolds
  2 bats (D:1)
  A frilled lizard (D:1)
  3 goblins
  A rat (D:1)
17 creatures vanquished.

Vanquished Creatures (others)
  2 fungi (D:1)
  2 plants (D:1)
4 creatures vanquished.

Grand Total: 21 creatures vanquished

Notes
Turn   | Place    | Note
-------+----------+-------------------------------------------
     0 | D:1      | mortress the Demigod Ice Elementalist began the quest for
                  | the Orb.
     0 | D:1      | Reached XP level 1. HP: 14/14 MP: 5/5
   498 | D:1      | Reached XP level 2. HP: 19/22 MP: 2/7
  1344 | D:2      | Killed from afar by an orc priest

Illustrated notes

Levels and vault maps discovered:
D:1:      lemuel_arrival_muddy, layout_basic
D:2:      layout_basic

Skill      XL: |  1  2 |
---------------+-------+-----
Dodging        | 2 |  2.1
Stealth        | 2 |  2.1
Spellcasting   | 2 |  2.0
Fighting       | |  0.8
Ice Magic      | |  3.8

Action                   || total
-------------------------++-------
Melee: Unarmed           ||    11
       Short sword       ||     5
 Cast: Freeze            ||    30
Armor: Robe              ||     5
Dodge: Dodged            ||    24

Table legend: (Time is in decaauts)
 A = Elapsed time spent in this place.
 B = Non-inter-level travel time spent in this place.
 C = Inter-level travel time spent in this place.
 D = Time resting spent in this place.
 E = Time spent auto-exploring this place.
 F = Levels seen in this place.
 G = Mean time per level.
                   A        B        C        D        E       F      G
               +--------+--------+--------+--------+--------+-----+--------+
         Total |   1344 |   1326 |     18 |    333 |    793 |   2 |  672.0 |
       Dungeon |   1344 |   1326 |     18 |    333 |    793 |   2 |  672.0 |
               +--------+--------+--------+--------+--------+-----+--------+

Top non-repeatable levels by time:
     D:1: 1052 daAuts
     D:2: 292 daAuts
